cohdb
Replays
Latest Replays
All Replays
Popular Replays
Top Player Replays
Match Explorer
How It Works
Community
CoH3 Stats
Reddit
Sign in to upload your games and track your stats! →
Sign in with Steam
Match 40498347
Unlisted
Match 40498347
Overview
Messages
Build Orders
End
Construct Section Command Post
Infantry Section
Dingo Light Scout Car
Infantry Section
Construct Platoon Command Post
Selects Canadian Shock Battlegroup
Humber Armored Car
Selects Attacking Spirit
Selects Canadian Shock Section
Canadian Shock Section
Royal Engineer Section
Selects Incendiary Munitions
Canadian Shock Section
Construct Company Command Post
ML 3-inch Mortar Team
ML 3-inch Mortar Team
Matilda II Heavy Tank
Unlock M3 Grant Medium Tanks
M3 Grant Medium Tank
Infantry Training
Armored Vehicle Training
Grenade Package
DebaKLe
☨ L o r d
Mintjack
denny870522
0
0
Comments
sign in to comment!
No comments posted yet!